 Dungeon Crawl Stone Soup version 0.29.0-13-gc9e81de378 (webtiles) character file.

Game seed: 15372535671402824284

824 SnakkuSnakku7 the Trooper (level 7, -4/78 HPs)
             Began as an Ogre Enchanter on Sept 8, 2022.
             Was a Follower of Elyvilon.
             Splashed by a jelly's acid (8 damage)
             ... on level 6 of the Dungeon.
             The game lasted 00:05:15 (5190 turns).

SnakkuSnakku7 the Trooper (Ogre Enchanter)          Turns: 5190, Time: 00:05:15

Health: -4/78      AC:  1    Str: 13    XL:     7   Next: 96%
Magic:  10/10      EV: 10    Int: 16    God:    Elyvilon [*.....]
Gold:   334        SH:  0    Dex: 11    Spells: 10/10 levels left

rFire   + . .      SeeInvis .   a - +5 flail
rCold   . . .      Faith    .   (no shield)
rNeg    . . .      Spirit   .   A - +1 robe {rF+}
rPois   .          Reflect  .   (helmet restricted)
rElec   .          Harm     .   k - +0 cloak
rCorr   .          Rampage  .   (gloves unavailable)
Will    .....                   (boots unavailable)
Stlth   ++........              (no amulet)
HPRegen 0.23/turn               (no ring)
MPRegen 0.12/turn               (no ring)

@: corroded
A: large, unfitting armour, tough skin 1
a: Renounce Religion, Purification


You were on level 6 of the Dungeon.
You worshipped Elyvilon.
Elyvilon was aware of your devotion.
You visited 2 branches of the dungeon, and saw 7 of its levels.

You collected 334 gold pieces.

Inventory:

Hand Weapons
 a - a +5 flail (weapon)
 c - a +0 mace
 j - a +1 dagger
 s - the +8 short sword "Ecuxki" {speed, +Blink rPois Will++ Int+3}
   (You found it on level 3 of the Dungeon)

   Attacks with this weapon are significantly faster.
   Int:       It affects your intelligence (+3).
   rPois:     It protects you from poison.
   +Blink:    It lets you blink.
   Will:      It greatly increases your willpower.
Missiles
 w - a throwing net (quivered)
 D - 6 poisoned darts
Armour
 k - a +0 cloak (worn)
 A - a +1 robe of fire resistance (worn)
Jewellery
 o - a ring of ice
 u - a ring of flight
Wands
 n - a wand of acid (4)
Scrolls
 b - a scroll of immolation {unknown}
 d - 2 scrolls of identify {unknown}
 e - a scroll of noise {unknown}
 h - a scroll of magic mapping
 i - 2 scrolls of teleportation
 l - a scroll of acquirement {unknown}
 p - a scroll of butterflies {unknown}
 v - a scroll of fear {unknown}
 y - a scroll of poison {unknown}
 z - a scroll of amnesia {unknown}
Potions
 f - a potion of resistance {unknown}
 g - a potion of lignification {unknown}
 m - a potion of brilliance {unknown}
 q - 2 potions of heal wounds {unknown}
 t - 2 potions of mutation {unknown}
 x - 2 potions of flight {unknown}
 B - a potion of curing {unknown}
 C - 2 potions of ambrosia {unknown}


   Skills:
 - Level 7.3 Fighting
 - Level 0.8 Short Blades
 + Level 4.8 Maces & Flails
 + Level 3.1 Throwing
 - Level 1.7 Dodging
 - Level 2.1 Stealth
 - Level 2.4 Spellcasting
 - Level 2.6 Hexes


You had 10 spell levels left.
You didn't know any spells.
Your spell library contained the following spells:

 Spells                   Type           Power      Damage    Failure   Level
 Ensorcelled Hibernation  Hex/Ice        12%        N/A       17%         2
 Sandblast                Erth           2%         2d4       21%         1
 Confusing Touch          Hex            10%        N/A       21%         3
 Tukima's Dance           Hex            10%        N/A       21%         3
 Dazzling Flash           Conj/Hex       12%        N/A       34%         3
 Yara's Violent Unravell  Hex/Tmut       3%         3d4       97%         5
 Borgnjor's Vile Clutch   Necr/Erth      0%         N/A       99%         5
 Enfeeble                 Hex            5%         N/A       100%        7


Dungeon Overview and Level Annotations

Branches:
Dungeon (6/15)             Temple (1/1) D:5

Altars:
Ashenzari
Cheibriados
Dithmenos
Elyvilon
Fedhas
Gozag
Hepliaklqana
Makhleb
Okawaru
Ru
Sif Muna
Trog
Uskayaw
Vehumet
Xom
Zin


Innate Abilities, Weirdness & Mutations

You are too large for most types of armour.
You have tough skin. (AC +1)


Message History

You now have 334 gold pieces (gained 11).
A jelly comes into view.
The jelly quivers.
A jelly is nearby!
The jelly hits you.
You are splashed with acid!
You hit the jelly. The acid corrodes you!
Your hands burn!
The jelly is lightly wounded.
The jelly closely misses you.
You hit the jelly.
Your hands burn!
The jelly is moderately wounded.
The jelly hits you but does no damage.
You thump the jelly!
Your hands burn!
The jelly is severely wounded.
The jelly hits you.
You are splashed with acid!
You barely miss the jelly.
The jelly is severely wounded.
The jelly closely misses you.
You hit the jelly but do no damage.
Your hands burn!
The jelly is severely wounded.
The jelly hits you.
You are splashed with acid!
The jelly closely misses you.
You barely miss the jelly.
The jelly is severely wounded.
The jelly hits you.
You are splashed with acid!
* * * LOW HITPOINT WARNING * * *
You hit the jelly.
Your hands burn!
* * * LOW HITPOINT WARNING * * *
The jelly is almost dead.
The jelly hits you.
* * * LOW HITPOINT WARNING * * *
The acid corrodes you!
You are splashed with acid!
* * * LOW HITPOINT WARNING * * *
Okay, then.
Okay, then.
Unknown command.
Okay, then.
As you read the scroll of summoning, it crumbles to dust.
Wisps of shadow whirl around you... The jelly hits you.
* * * LOW HITPOINT WARNING * * *
You are splashed with acid!
You die...

#...#
###.#
#.#
#.#
#.#
#.#
#S#
#F#
#@#
#J#
#.#
#..
...
####


You could see a jelly (ally target), a friendly water moccasin (summoned) and a
friendly bullfrog (summoned).

Vanquished Creatures
  Duvessa (D:5)
  An ice beast (D:6)
  2 centaurs
  A necrophage (D:5)
  Dowan (D:5)
  3 howler monkeys
  2 hounds
  An iguana (D:6)
  3 gnolls
  6 adders
  A white imp (D:5)
  A worm (D:4)
  A dart slug (D:2)
  An orc (D:4)
  5 ball pythons
  3 bats
  8 endoplasms
  A giant cockroach (D:3)
  9 goblins
  5 hobgoblins
  3 jackals (D:2)
  9 kobolds
  2 quokkas
  7 frilled lizards
  4 rats
81 creatures vanquished.

Vanquished Creatures (others)
  4 fungi (D:6)
4 creatures vanquished.

Grand Total: 85 creatures vanquished

Notes
Turn   | Place    | Note
-------+----------+-------------------------------------------
     0 | D:1      | SnakkuSnakku7 the Ogre Enchanter began the quest for the
                  | Orb.
     0 | D:1      | Reached XP level 1. HP: 16/16 MP: 3/3
    14 | D:1      | Reached skill level 1 in Fighting
   256 | D:1      | Reached skill level 2 in Fighting
   256 | D:1      | Reached XP level 2. HP: 22/28 MP: 5/5
   674 | D:1      | Reached skill level 3 in Fighting
   749 | D:2      | Reached XP level 3. HP: 37/37 MP: 6/6
   812 | D:2      | Reached skill level 1 in Maces & Flails
  1096 | D:2      | Reached XP level 4. HP: 33/48 MP: 7/7
  1285 | D:2      | Found a faded altar of an unknown god.
  1388 | D:2      | Reached skill level 4 in Fighting
  1781 | D:3      | Identified the +8 short sword "Ecuxki" {speed, +Blink rPois
                  | Will++ Int+3}
  1917 | D:3      | Found a radiant altar of Vehumet.
  2047 | D:3      | Reached skill level 5 in Fighting
  2165 | D:3      | Reached XP level 5. HP: 57/57 MP: 8/8
  2641 | D:4      | Got Hinauduod's Monograph on Changing and Earth
  2729 | D:4      | Reached skill level 6 in Fighting
  2901 | D:4      | Reached XP level 6. HP: 50/67 MP: 9/9
  3218 | D:5      | Entered Level 5 of the Dungeon
  3539 | D:5      | Noticed Duvessa
  3561 | D:5      | Killed Duvessa
  3562 | D:5      | Reached skill level 7 in Fighting
  3642 | D:5      | Noticed Dowan
  3653 | D:5      | Killed Dowan
  3654 | D:5      | Reached XP level 7. HP: 62/78 MP: 10/10
  3688 | D:5      | Found a staircase to the Ecumenical Temple.
  3776 | Temple   | Entered the Ecumenical Temple
  3829 | Temple   | Became a worshipper of Elyvilon the Healer
  4396 | D:5      | Reached * piety under Elyvilon
  4607 | D:5      | Reached skill level 1 in Throwing
  5099 | D:6      | Found a shimmering altar of Xom.
  5190 | D:6      | Splashed by a jelly's acid

Illustrated notes

Levels and vault maps discovered:
D:1:      dpeg_arrival_tiny_i, layout_rooms, reono_crystal_passage,
          minmay_pentomino_q2
D:2:      minmay_recursive_quarters, layout_basic, ebering_ecumenical_altar_hall
D:3:      layout_rooms, nicolae_vehumet_altar_sigil
D:4:      layout_cave_pools
D:5:      layout_loops_corners, minmay_temple_entry_grid, grunt_ministairs_13,
          nicolae_figureground_pulse, uniq_duvessa
D:6:      layout_loops_ring, mainiacjoe_overflow_boulevard, uniq_prince_ribbit1,
          uniq_pikel
Temple:   zaba_magenta_temple

Skill      XL: |  1  2  3  4  5  6  7 |
---------------+----------------------+-----
Fighting       | 2 3 5 6 7 |  7.3
Maces & Flails | 1 2 3 4 |  4.8
Throwing       | 3 |  3.1
Short Blades   | |  0.8
Dodging        | |  1.7
Stealth        | |  2.1
Spellcasting   | |  2.4
Hexes          | |  2.6

Action                   |  1- 3 |  4- 6 |  7- 9 || total
-------------------------+-------+-------+-------++-------
Melee: Dagger            |    38 |       |       ||    38
       Mace              |    60 |    35 |       ||    95
       Punch             |     2 |     1 |       ||     3
       Short sword       |       |    37 |       ||    37
       Flail             |       |    56 |    50 ||   106
Evoke: Wand              |     1 |       |       ||     1
  Use: Potion            |       |     2 |       ||     2
       Scroll            |       |     3 |     1 ||     4
 Stab: Sleeping          |     5 |     5 |     1 ||    11
Armor: Robe              |    37 |    46 |    14 ||    97
Dodge: Dodged            |    52 |    62 |    26 ||   140
